Cogmind - Beta 15 @@@ ROGUE MODE // 2025.07.25 @ 21:14:21 Player: P9H Result: Destroyed by G-47 Trooper with Particle Gun Performance ------------- Evolutions (1) 500 Regions Visited (3) 600 Robots Destroyed (26) 130 Value Destroyed (763) 763 Prototype IDs (1) 20 Alien Tech Used (0) 0 Bonus (0) 0 TOTAL SCORE: 2013 Bonus ------- None Cogmind --------- Core Integrity 0/400 Matter 279/300 Energy 160/160 System Corruption 18% Temperature Cool (9) Movement Rolling (86) Location -9/Mines Parts ------- > --- POWER (1) -------- Light Nuclear Core > --- PROPULSION (3) --- Wheel Armored Wheel Armored Wheel > --- UTILITY (3) ------ Heat Sink Large Storage Unit Improved Targeting Computer > --- WEAPON (2) ------- Heavy Assault Rifle > --- INVENTORY (15) --- Ion Engine Improved Ion Engine Wheel Flight Unit Flight Unit Flight Unit Flight Unit Heat Sink Heat Sink Medium Storage Unit Light Armor Plating Light Armor Plating Autogun Autogun Grenade Launcher Peak State ------------ > --- POWER ------------ Light Nuclear Core > --- PROPULSION ------- Wheel Armored Wheel Armored Wheel > --- UTILITY ---------- Heat Sink Large Storage Unit Improved Targeting Computer > --- WEAPON ----------- EM Shotgun Heavy Assault Rifle > --- INVENTORY -------- Ion Engine Improved Ion Engine Flight Unit Flight Unit Flight Unit Flight Unit Flight Unit Heat Sink Heat Sink Medium Storage Unit Light Armor Plating Light Armor Plating Autogun Autogun Grenade Launcher [Rating: 17] Favorites ----------- Power Ion Engine Engine Ion Engine Power Core Light Nuclear Core Propulsion Wheel Wheel Wheel Flight Unit Flight Unit Utility Heat Sink Device Heat Sink Storage Large Storage Unit Processor Improved Targeting Computer Protection Light Armor Plating Weapon Medium Laser Energy Gun Medium Laser Energy Cannon Advanced Beam Cannon Ballistic Gun Heavy Assault Rifle Build | -11 -10 -9 -9 ------- Run | Yrd Mat Mat Min Slots Evolved 2 | . . 2 . Power . | . . . . Propulsion 1 | . . 1 . Utility 1 | . . 1 . Weapon . | . . . . Parts Attached 33 | 3 5 22 3 Power 5 | . 1 3 1 Engine 4 | . 1 3 . Core 1 | . . . 1 Reactor . | . . . . Propulsion 11 | 1 1 9 . Treads . | . . . . Leg . | . . . . Wheel 6 | 1 1 4 . Hover . | . . . . Flight 5 | . . 5 . Utility 9 | 1 2 4 2 Device 4 | . . 4 . Storage 3 | 1 2 . . Processor 1 | . . . 1 Hackware . | . . . . Protection 1 | . . . 1 Artifact . | . . . . Weapon 8 | 1 1 6 . Energy Gun 4 | 1 1 2 . Energy Cannon 1 | . . 1 . Ballistic Gun 3 | . . 3 . Ballistic Cannon . | . . . . Launcher . | . . . . Special Weapon . | . . . . Impact Weapon . | . . . . Slashing Weapon . | . . . . Piercing Weapon . | . . . . Special Melee Weapon . | . . . . Unidentified Prototypes 1 | . . 1 . Parts Lost 15 | . . 13 2 Power 1 | . . 1 . Propulsion 5 | . . 5 . Utility 3 | . . 2 1 Weapon 6 | . . 5 1 Highest Loss Streak 8 | . . 8 1 To Critical Strikes 1 | . . 1 . Average Backups 11 | 3 7 14 14 Power 1 | 1 1 2 2 Propulsion 3 | . 1 4 5 Utility 3 | . 1 4 4 Weapon 3 | 1 3 3 3 Tool/Special . | . . . . Unused Backups 13 | . . 3 10 Power 2 | . . . 2 Propulsion 3 | . . 1 2 Utility 4 | . . 1 3 Weapon 4 | . . 1 3 Tool/Special . | . . . . Average Slot Usage (%) 88 | . 79 94 95 Engine 10 | . 12 10 2 Wheel 23 | . 26 20 33 Flight 5 | . . 11 . Device 11 | . . 19 12 Storage 12 | . 14 11 11 Energy Gun 16 | . 26 11 7 Ballistic Gun 6 | . . 10 11 Peak Build Rating 17 | 3 7 15 17 Average Rating 9 | 2 6 12 15 On Entrance 6 | . 3 7 15 Naked Turns . | . . . . Heaviest Build 35 | 7 28 35 35 Greatest Support 36 | 10 20 36 34 Greatest Overweight (x) 4 | . 1 4 1 Average Overweight (x) . | . . 1 . Largest Inventory Capacity 15 | 8 15 15 15 Average Capacity 14 | 6 13 15 15 Most Carried 15 | 5 15 15 15 Average Carried 11 | 3 7 14 14 Final Capacity 15 | 8 15 15 15 Final Carried 15 | 5 15 15 15 Class Distribution -------------------- 67% | Mutant 32% | Scavenger-Mutant Dominant Class ---------------- Mutant | -10/Materials Scavenger-Mutant | -9/Materials Mutant | -9/Mines Resources | -11 -10 -9 -9 ----------- Run | Yrd Mat Mat Min Matter Collected 765 | 198 31 477 59 Remotely . | . . . . Salvage Created 1011 | . 30 773 208 Parts 61 | . 5 46 10 Haulers Intercepted . | . . . . Recyclers Shooed 1 | . . . 1 Parts Field Recycled . | . . . . Retrieved Matter . | . . . . Parts Self-Destructed . | . . . . Prevented . | . . . . Kills | -11 -10 -9 -9 ------- Run | Yrd Mat Mat Min Combat Hostiles Destroyed 24 | . 2 18 4 Guns 24 | . 2 18 4 Classes Destroyed 6 | . 1 4 1 Worker 1 | . . 1 . Tunneler 1 | . . . 1 Swarmer 6 | . 2 4 . Grunt 12 | . . 8 4 Brawler 1 | . . 1 . Sentry 5 | . . 5 . Best Kill Streak 7 | . 2 7 3 Combat Bots Only 5 | . 2 5 3 Max Kills in Single Turn 1 | . 1 1 1 Gunslinging . | . . . . Exploded . | . . . . Melee . | . . . . Uniques/NPCs Destroyed . | . . . . Combat | -11 -10 -9 -9 -------- Run | Yrd Mat Mat Min Hostile Shots Fired 172 | . 17 126 29 Missed 48 | . 6 32 10 Hits 124 | . 11 94 19 Melee 4 | . . 4 . Projectile 120 | . 11 90 19 AOE 1 | . . . 1 Critical Strikes 6 | . . 6 . Damage Taken 1610 | . 103 1226 281 Core 418 | . 17 296 105 Absorbed by Shields . | . . . . Core Remaining (%) 96 | 100 93 . . Volleys Fired 86 | . 7 63 16 Largest 2 | . 2 2 2 Hottest 90 | . 90 90 68 Shots Fired 151 | . 14 118 19 Gun 151 | . 14 118 19 Cannon . | . . . . Launcher . | . . . . Special . | . . . . Kinetic 73 | . . 59 14 Thermal 47 | . 14 33 . Explosive . | . . . . Electromagnetic 31 | . . 26 5 Robot Hit Streak 9 | . 5 9 5 Robot Miss Streak 4 | . 1 4 2 Penetration Max . | . . . . Secondary Targets 2 | . . 2 . Max Gunslinging Chain 1 | . . 1 . Shots Hit Robots 101 | . 9 78 14 Core Hits 48 | . 4 35 9 Critical Kills . | . . . . Critical Parts Destroyed . | . . . . Critical Strikes 2 | . . 2 . Burn 2 | . . 2 . Melee Attacks . | . . . . Impact . | . . . . Slashing . | . . . . Piercing . | . . . . Sneak Attacks . | . . . . Combat Hostiles . | . . . . Follow-up Attacks . | . . . . Damage Inflicted 1352 | . 118 999 235 Guns 1339 | . 105 999 235 Cannons . | . . . . Explosions . | . . . . Melee . | . . . . Ramming 13 | . 13 . . Kinetic 622 | . . 470 152 Thermal 341 | . 105 236 . Explosive . | . . . . Electromagnetic 376 | . . 293 83 Impact . | . . . . Slashing . | . . . . Piercing . | . . . . Highest Corruption 18 | . . 18 18 Average Corruption 17 | . . 17 18 Corruption Purged . | . . . . Corruption Blocked . | . . . . Effects 42 | . . 33 9 Message Errors 9 | . . 7 2 Matter Fused 8 | . . 6 2 Heat Flow Errors 5 | . . 5 . Energy Discharges 1 | . . 1 . Parts Rejected 1 | . . 1 . Parts Fused 1 | . . 1 . Data Loss (minor) 4 | . . 2 2 Data Loss (major) 4 | . . 3 1 Misfires 1 | . . 1 . Alerts 1 | . . 1 . Weapon Failures 7 | . . 5 2 Overload Shots . | . . . . Overflow Damage . | . . . . Projectiles . | . . . . Explosions . | . . . . Melee . | . . . . Knockbacks 1 | . 1 . . Impact 1 | . 1 . . Kinetic . | . . . . Secondary . | . . . . Self-Inflicted Damage 6 | . 6 . . Shots . | . . . . Rammed 1 | . 1 . . Targets Rammed 1 | . 1 . . Kicked . | . . . . Crushed . | . . . . Highest Temperature 239 | . 150 239 1 Average Temperature 75 | . 61 85 1 Received Heat Transfer 645 | . 24 483 138 Siege Activations . | . . . . Martial Activations . | . . . . Shielding Activations . | . . . . Robots Disrupted . | . . . . Combat Hostiles . | . . . . Robots Corrupted . | . . . . Combat Hostiles . | . . . . Parts Fried . | . . . . Impact Corruptions . | . . . . Robots Melted . | . . . . Combat Hostiles . | . . . . Parts Melted 2 | . . 2 . Heat Transferred 1101 | . 297 804 . Parts Sabotaged . | . . . . Parts Stolen . | . . . . Parts Stripped . | . . . . Power Chain Reactions . | . . . . Alert | -11 -10 -9 -9 ------- Run | Yrd Mat Mat Min Maximum Alert Level . | . . . . Low Security (%) 100 | 100 100 100 100 Level 1 . | . . . . Level 2 . | . . . . Level 3 . | . . . . Level 4 . | . . . . Level 5 . | . . . . High Security . | . . . . Max Security . | . . . . Peak Influence 159 | . 40 159 112 Initial 52 | . . . 52 Average 30 | . 3 45 86 Influence Increases 650 | . 55 485 110 Destroy 0b10 Robot/C 480 | . 40 360 80 Destroy 0b10 Robot/NC 10 | . . 5 5 Destroy Leader 100 | . . 90 10 Partial Spotted 15 | . . 15 . Lose Combat Pursuer 45 | . 15 15 15 Influence Decreases 558 | . 55 350 153 Entered New Map 83 | . . . 83 Time Decay 325 | . 55 220 50 Lost Part 120 | . . 100 20 Purge Threat 30 | . . 30 . Squads Dispatched 3 | . 2 1 . Investigation 1 | . 1 . . Extermination . | . . . . Reinforcement 2 | . 1 1 . Assault . | . . . . Garrison . | . . . . Intercept . | . . . . Searches Triggered . | . . . . Construction Impeded . | . . . . Haulers Reinforced . | . . . . Active Scanning Responses . | . . . . Cargo Convoy Interrupts . | . . . . Stealth | -11 -10 -9 -9 --------- Run | Yrd Mat Mat Min Distress Signals 4 | . 1 3 . Communications Jammed . | . . . . Distress Signals . | . . . . Times Spotted 45 | . 11 28 6 Peak Tracking Total 6 | . 4 6 3 Tactical Retreats 3 | . 1 1 1 Traps | -11 -10 -9 -9 ------- Run | Yrd Mat Mat Min Traps Triggered 1 | . 1 . . Indirectly . | . . . . Trap Hack Attempts . | . . . . Triggered . | . . . . Disarmed . | . . . . Reprogrammed . | . . . . Reused . | . . . . Traps Extracted . | . . . . Installed . | . . . . Triggered . | . . . . Machines | -11 -10 -9 -9 ---------- Run | Yrd Mat Mat Min Machines Disabled . | . . . . Max in Single Turn . | . . . . Machines Repaired . | . . . . Machines Dismantled . | . . . . Machines Sabotaged . | . . . . Overloaded Fab Kills . | . . . . Hacking | -11 -10 -9 -9 --------- Run | Yrd Mat Mat Min Machines Accessed 2 | . 1 1 . Terminals 2 | . 1 1 . Fabricators . | . . . . Repair Stations . | . . . . Recycling Units . | . . . . Scanalyzers . | . . . . Garrison Access . | . . . . Total Hacks 6 | . 3 3 . Successful 3 | . . 3 . Failed 3 | . 3 . . Catastrophic 1 | . 1 . . Database Lockouts . | . . . . Manual . | . . . . Terminals 6 | . 3 3 . Fabricators . | . . . . Repair Stations . | . . . . Recycling Units . | . . . . Scanalyzers . | . . . . Garrison Access . | . . . . Terminal Hacks 3 | . . 3 . Alert Level 2 | . . 2 . Unreport Threat 1 | . . 1 . Fabricator Hacks . | . . . . Repair Station Hacks . | . . . . Recycling Unit Hacks . | . . . . Scanalyzer . | . . . . Garrison Access Hacks . | . . . . Unauthorized Hacks . | . . . . Terminals . | . . . . Fabricators . | . . . . Repair Stations . | . . . . Recycling Units . | . . . . Scanalyzers . | . . . . Garrison Access . | . . . . Data Cores Recovered . | . . . . Used . | . . . . Hacking Detections 2 | . 1 1 . Full Trace Events 1 | . 1 . . Feedback Events . | . . . . Feedback Blocked . | . . . . Robot Schematics Acquired . | . . . . Robots Built . | . . . . Authchips . | . . . . Time . | . . . . Total Robot Build Rating . | . . . . Part Schematics Acquired . | . . . . Parts Built . | . . . . Authchips . | . . . . Time . | . . . . Total Part Build Rating . | . . . . Parts Repaired . | . . . . Time . | . . . . Parts Recycled . | . . . . Recycled Matter . | . . . . Retrieved Matter . | . . . . Retrieved Components . | . . . . Parts Scanalyzed . | . . . . Part Schematics Acquired . | . . . . Parts Damaged . | . . . . Bothacking | -11 -10 -9 -9 ------------ Run | Yrd Mat Mat Min Used RIF Installer . | . . . . Robots Hacked . | . . . . Non-combat . | . . . . Combat . | . . . . Robot Hacks Applied . | . . . . Relay Couplers Released . | . . . . Fabnet Peak Effective % . | . . . . Robots Rewired . | . . . . Allies Hacked . | . . . . Hacks Repelled . | . . . . Allies | -11 -10 -9 -9 -------- Run | Yrd Mat Mat Min Total Allies . | . . . . Largest Group . | . . . . Highest-Rated Group . | . . . . Highest-Rated Ally . | . . . . Total Orders . | . . . . Ally Attacks . | . . . . Total Damage . | . . . . Kills . | . . . . Allies Corrupted . | . . . . Allies Melted . | . . . . Intel | -11 -10 -9 -9 ------- Run | Yrd Mat Mat Min Active Infowar (turns) . | . . . . Robot Analysis Total . | . . . . Derelict Logs Recovered . | . . . . Drone Launches . | . . . . Drone Recoveries . | . . . . Exploration | -11 -10 -9 -9 ------------- Run | Yrd Mat Mat Min Turns Passed 1444 | 45 552 740 107 Spaces Moved 758 | 45 303 346 64 Core 5 | 5 . . . Treads . | . . . . Legs . | . . . . Wheels 709 | 40 303 302 64 Hover . | . . . . Flight 44 | . . 44 . Fastest Speed 50 | 50 80 86 86 Average Speed 101 | 76 90 116 92 Slowest Speed 357 | 80 95 357 101 Overloaded Moves . | . . . . Propulsion Burnouts . | . . . . Robots Hopped . | . . . . Potential Cave-ins . | . . . . Cave-ins Triggered . | . . . . Exploration Rate (%) 23 | 3 44 32 15 Regions Visited 3 Branch Regions 1 Pre-discovered Areas . | . . . . Known Exits Taken . | . . . . Unknown Exits Taken 3 | 1 1 1 . Scrap Searched 1 | . . . 1 Spaces Dug . | . . . . Terrain Destroyed . | . . . . Melee . | . . . . Projectile . | . . . . AOE . | . . . . Terrain Rammed . | . . . . Walls Destroyed . | . . . . Machines Disabled . | . . . . Actions | -11 -10 -9 -9 --------- Run | Yrd Mat Mat Min Total 1273 | 54 567 561 91 Wait 338 | . 236 98 4 Move 756 | 44 303 345 64 Hop . | . . . . Pick Up 41 | 7 14 18 2 Fast Attach 8 | 1 . 6 1 Attach 21 | 2 4 14 1 Detach 1 | . 1 . . Swap 12 | . 1 10 1 Drop 10 | . 1 7 2 Fire 86 | . 7 63 16 Melee . | . . . . Ram . | . . . . Kick . | . . . . Crush . | . . . . Escape Stasis . | . . . . Rewire . | . . . . Trap . | . . . . Miscellaneous . | . . . . Route ------- -11/Scrapyard -10/Materials (discovered 2 exits: *Mat / [*Min]) -9/Materials -9/Mines History --------- Turn | Location | Event 15 | -11/Scrapyard | Discovered new exit (range 15) 46 | -11/Scrapyard | Entered Materials 55 | -10/Materials | Discovered new exit (range 15) 107 | -10/Materials | Discovered new exit (range 8) 316 | -10/Materials | Build established: Mutant 598 | -10/Materials | Entered another Materials area 598 | -9/Materials | Evolved 2 slots: Propulsion x1, Utility x1 721 | -9/Materials | System corruption reached 10% 767 | -9/Materials | Lost 8 parts (1p3n2u2w) 863 | -9/Materials | Core integrity fell below 50% 1074 | -9/Materials | Build established: Scavenger-Mutant 1323 | -9/Materials | Discovered new exit (range 12) 1338 | -9/Materials | Entered Mines 1339 | -9/Mines | Assembled infested the area 1343 | -9/Mines | Core integrity fell below 20% 1445 | -9/Mines | Destroyed by G-47 Trooper with Particle Gun Last Messages --------------- 01382_ Found 69 Matter. 01383_ Acquired 8 matter. 01386_ Acquired Unknown Processor. 01387_ Identified Imp. Targeting Computer. 01389_ Acquired 10 matter. 01391_ System corrupted: Matter fused (-5). 01402_ Acquired 5 matter. 01404_ EM Shotgun destroyed. 01406_ System corrupted: Substantial component data lost. 01408_ Destroyed Com. Wheel. 01418_ T-07 Excavator destroyed. 01420_ Acquired 6 matter. 01421_ System corrupted: Component data lost. 01422_ Dropped Flight Unit. 01422_ Acquired Wheel. 01430_ System corrupted: Hvy. Assault Rifle jammed. 01438_ G-34 Mercenary destroyed. 01441_ A59QEFYCTNWPZFWSYWCN&K&CNDLPM8DH Map ----- +----------------------------------------------------+ | ??????????????????????????????????????? | | ??????????????????????????????????????? | | ??????????????????????????????????????? | | ??????????????????????????????????????? | | ??????????????????????????????????????? | | ??????????????????????????????????????? | | ???????????????????????????????#######? | | ???????????????????????####????# #? | | ??????????????????????? ##???# """ #? | | ???????????????????????# #???# """ #? | | ???????????????????????? ????# """ #? | | ???????????????????????? ????# !% #? | | ???????????????????????? ????# #? | | ???????????????????????? ????# *=#? | | ????????????????????????# #????# %#? | | ????????????????????????# #????# #? | | ?????????????????#?????##!##???# %! #? | | ?????????????????? ????# % ##??###[###? | | ??????????????????? ???# #????# #??? | | ???????????????????# ??# [ ##???## #??? | | ??????????????????## ?# [ #??## ##?? | | ?????????????????## # ##### #?? | | ????????????????## ## #?? | | ???????????????## ####### #?? | | ??????????????## ##???# #?? | | ??????????????# @##??#### #?? | | ??????????????# ####### #?? | | ??????????????## == %!! #?? | | ???????????????## #########?? | | ????????????????### %= ##?????????? | | ??????????????????# g #??????????? | | ??????????????????# ##??????????? | | ????????????????? #???????????? | | ??????????????? ???????????? | | ?????????????? ???????????? | | ?????????????? ???????????? | | ?????????????? ???????????? | | ??????????????? ##### ???????????? | | ????????????????####????###???????????? | | ??????????????????????????????????????? | | ??????????????????????????????????????? | | ??????????????????????????????????????? | | | | | | | | | | | | | | | | | +----------------------------------------------------+ Best States ------------- Heat Dissipation 48 Energy Generation 14 Energy Capacity 265 Matter Stores 300 Matter Capacity 300 Sight Range 16 Terrain Scan Density 10 Armor Coverage 150 Evasion (%) 44 Targeting Accuracy 6 Item Schematics ----------------- None Robot Schematics ------------------ None Fabricated ------------ Nothing Repaired ---------- Nothing Alien Tech Used ----------------- None Achievements -------------- None Challenges ------------ None Game ------ Seed MappingLatentAutogun Manual? 0 Play Time 00:14:58 Cumulative 45.7 hours Start 2025.07.25 @ 20:47:58 End 2025.07.25 @ 21:14:21 Sessions 1 Manual Loads 0 Difficulty Rogue Special Mode None Game No. 92 Rogue 92 Adventurer 0 Explorer 0 Win Type - Total 0 Types 0/0/0/0/0/0/0/0/0/0 Lore% 8 Gallery% 29 Achievement% 25 Wizard Run 0 Options --------- Layout 1 ASCII 0 Keyboard 0 Movement Mouse Keybinds 0 Fullscreen 2 Font 32/SmallcapsGlow Map View 50x35 Zoom Use 0% Tactical HUD 1 Map Filters NONE Filters NONE Steam 1 RUN: b9ce824c-635f-4bfc-840c-7ea00a9daf80